AoeStats
← Malik Bhai

Runestones

507907856Analyzed
1v1 RM · 12d ago on Sep 20, 2026· 38m 38s· 2 players
Game mode
Random Map
Map size
Tiny (2 player)
Population
200
Speed
Normal
Resources
Standard
Victory
Conquest
Starting age
Dark Age
Ending age
Imperial Age
RankedLock teamsTeams togetherTeam positionsShared explorationLock speedFull tech treeHidden civsTurbo modeCheats
Victory
Defeat
🇺🇸 Inca · United States
1816
+14
🇵🇰 Koreans · Pakistan
1777
-14
Malik Bhai
6:50 Loom
9:21 Feudal Age
10:35 Double-Bit Axe
11:23 Man-at-Arms
15:51 Horse Collar
16:40 Fletching
21:41 Castle Age
20:15 Stone Mining
22:34 Bodkin Arrow
21:59 Elite Skirmisher
29:43 Ballistics
29:33 Clinker Construction
31:15 Devotion
40:17 Imperial Age
sunsetfire
5:33 Loom
8:21 Feudal Age
9:01 Double-Bit Axe
14:06 Town Watch
15:37 Fletching
21:23 Castle Age
19:13 Champi Runner
19:54 Scale Mail Armor
20:10 Horse Collar
21:35 Forging
21:26 Champi Warrior
22:07 Squires
22:45 Bow Saw
23:31 Arson
24:43 Chain Mail Armor
26:31 Wheelbarrow
26:31 Sanctity
28:19 Hand Cart
38:45 Iron Casting
Connection lost

Rejoining the realm…

Still unreachable

The connection could not be restored.

Session expired

The server has moved on; the page needs a fresh start.